Map: Acropolis LE

Players

Mez

  • Race: Terran Terran
  • League: Master
  • Spawn Location: 11:00

НЕщажуНИКОГО - Winner!

  • Race: Zerg Zerg
  • League: Master
  • Spawn Location: 5:00

VOD

Have the link to the VOD?

Description

Time

  • Played on: Aug. 29, 2019, 8:44 p.m.
  • Length: 5:29
Show
View Real Time Build Order
Export as new Build Order

Mez Terran 

Build Orders: Liberator Opening, Reaper Expand 

Get SALT Encoding   

  12  0:00  SCV  
  13  0:13  SCV  
  14  0:17  Supply Depot  
  14  0:25  SCV  
  15  0:38  SCV  
  15  0:40  Barracks  
  16  0:44  Refinery  
  16  0:50  SCV  
  17  1:03  SCV  
  18  1:15  SCV  
  19  1:29  Orbital Command, Reaper  
  20  1:39  Command Center  
  20  1:48  Supply Depot  
  20  1:55  SCV  
  20  2:00  Marine  
  22  2:08  SCV  
  22  2:11  Factory  
  22  2:15  Refinery  
  23  2:20  SCV  
  24  2:23  Barracks Reactor  
  22  2:53  SCV  
  22  2:54  Orbital Command  
  23  2:59  Starport  
  23  3:04  Hellion x2  
  27  3:05  SCV  
  27  3:10  Barracks Tech Lab  
  28  3:23  SCV  
  28  3:26  SCV  
  30  3:27  Liberator  
  30  3:30  Hellion x2  
  34  3:35  SCV  
  36  3:50  SCV  
  36  3:51  Hellion x2  
  39  4:09  Marine  
  40  4:15  Command Center  
  40  4:29  Barracks  
  40  4:30  Orbital Command  
  40  4:31  Barracks  
  28  4:42  Starport Reactor  
  28  4:43  Factory Reactor  
  19  5:00  Marine  
  19  5:02  SCV x2  
  22  5:14  SCV  
  22  5:16  SCV  
Show
View Real Time Build Order
Export as new Build Order

НЕщажуНИКОГО Zerg - Winner!

Build Orders: Hatch First 

Get SALT Encoding   

  12  0:00  Drone  
  13  0:14  Overlord  
  13  0:18  Drone  
  14  0:32  Drone x2  
  16  0:48  Hatchery  
  15  0:53  Extractor  
  14  1:05  Spawning Pool  
  14  1:08  Drone  
  14  1:14  Drone  
  15  1:23  Drone x2  
  17  1:52  Zergling x6, Queen  
  22  1:54  Metabolic Boost  
  22  2:04  Queen  
  24  2:10  Drone  
  24  2:11  Drone  
  24  2:13  Drone  
  27  2:16  Drone  
  28  2:27  Overlord  
  28  2:34  Overlord  
  28  2:47  Zergling x8  
  32  2:55  Zergling x2  
  32  2:58  Zergling x2  
  34  3:06  Zergling x6  
  34  3:08  Zergling x2  
  38  3:14  Zergling x6  
  38  3:15  Zergling x2  
  38  3:19  Queen  
  42  3:20  Overlord  
  43  3:36  Overlord  
  43  3:41  Drone x2  
  45  3:44  Drone, Hatchery  
  45  3:48  Zergling x2  
  44  3:57  Drone  
  44  3:58  Drone x4  
  44  4:02  Drone  
  50  4:05  Drone x2  
  50  4:07  Drone  
  52  4:17  Drone  
  52  4:18  Drone x3  
  52  4:21  Drone  
  53  4:38  Extractor x2  
  49  4:39  Drone x3  
  49  4:40  Drone x3  
  48  4:46  Overlord x2  
  48  4:48  Drone  
  48  4:49  Spore Crawler  
  48  4:50  Spore Crawler, Drone  
  48  4:52  Drone  
  49  4:53  Zergling x2  
  49  4:56  Spore Crawler  
  49  4:57  Zergling x4  
  52  5:13  Drone x3  
  55  5:15  Baneling Nest, Drone, Evolution Chamber  
Tags
 
Add a new tag
Caveats
  • Supply blocks, unpowered buildings, or Contaminate may cause inaccurate times.
  • Supply counts are checked every 10 seconds.